 Dungeon Crawl Stone Soup version 0.22.1-6-g1668fe2c40 (webtiles) character file.

336 Forgol the Poker (level 6, -5/48 HPs)
             Began as a Merfolk Gladiator on Jan 24, 2019.
             Was an Initiate of Wu Jian.
             Killed by nerve-wracking pain
             ... invoked by an orc priest
              (12 damage)
             ... on level 3 of the Dungeon.
             The game lasted 00:09:07 (2135 turns).

Forgol the Poker (Merfolk Gladiator)                Turns: 2135, Time: 00:09:08

Health: -5/48      AC:  7    Str: 15    XL:     6   Next: 54%
Magic:  6/6        EV: 15    Int:  8    God:    Wu Jian [......]
Gold:   82         SH:  0    Dex: 16    Spells: 5/5 levels left

rFire    . . .     SeeInvis .   a - +0 trident
rCold    . . .     Gourm    .   (no shield)
rNeg     . . .     Faith    .   b - +1 leather armour
rPois    .         Spirit   .   r - +2 helmet
rElec    .         Reflect  .   (no cloak)
rCorr    .         Harm     +   (no gloves)
MR       .....                  (no boots)
Stlth    ++........             e - amulet of harm
HPRegen  0.16/turn              (no ring)
MPRegen  0.10/turn              (no ring)

@: no status effects
A: change form in water, swift swim, stealthy swim
a: Renounce Religion


You were on level 3 of the Dungeon.
You worshipped Wu Jian.
Wu Jian was noncommittal.
You were not hungry.

You visited 1 branch of the dungeon, and saw 3 of its levels.

You collected 82 gold pieces.

Inventory:

Hand Weapons
 a - a +0 trident (weapon)
Missiles
 d - 3 throwing nets (quivered)
Armour
 b - a +1 leather armour (worn)
 c - a +0 helmet
 r - a +2 helmet (worn)
 u - a +0 ring mail
Jewellery
 e - an amulet of harm (around neck)
Wands
 i - a wand of flame (25)
Scrolls
 j - a scroll of identify
 l - a scroll of remove curse
 m - a scroll of magic mapping
 n - a scroll of teleportation
 s - a scroll of amnesia {unknown}
 t - a scroll of random uselessness {unknown}
Potions
 g - a potion of degeneration
 h - 2 potions of brilliance
 k - 2 potions of heal wounds
 o - a potion of mutation
 p - a potion of berserk rage {unknown}
 v - a potion of curing {unknown}
Comestibles
 f - 5 rations
 q - a chunk of flesh


   Skills:
 + Level 3.9 Fighting
 * Level 7.7 Polearms
 - Level 2.0 Throwing
 + Level 5.7 Dodging
 + Level 1.9 Stealth


You had 5 spell levels left.
You didn't know any spells.
Your spell library was empty.

Dungeon Overview and Level Annotations

Branches:
Dungeon (3/15)

Altars:
Ashenzari
Fedhas
Wu Jian
The Shining One


Message History

The orc priest is heavily wounded.
You hit the orc priest but do no damage.
The orc priest is heavily wounded.
The orc priest miscasts a cantrip.
The orc priest calls upon Beogh to heal the orc priest.
The orc priest is healed somewhat.
You hit the orc priest.
The orc priest is moderately wounded.
The orc priest looks encouraged for a moment.
You barely miss the orc priest.
The orc priest is moderately wounded.
The orc priest closely misses you.
You hit the orc priest.
The orc priest is severely wounded.
The orc priest begins to cast a cantrip, but forgets the words!
You hit the orc priest.
The orc priest is almost dead.
The orc priest calls down the wrath of Beogh upon you.
Pain shoots through your body!
You die...

# ..#P #.# #. ### #.# . ...
..# #. #.# #.# #####.###
#.# #.# #>.......#
######.#####.# #. #..#.#
#.........##.# ##.# #..#.#
#>####.##.##.# ##...##..#@#
#.# ##.##.....
#.....#..#o###.###...#.....
......"..#o..)(....#.......
..)...o..........#...#.....
.......###.###.#....##.....
#.....# #.# #.#######....รท
##.o.# #.# #.# #..... ##.#
#.# #.. ....#### #. ..# ###
####


You could see 2 orc priests.

Vanquished Creatures
  An ogre (D:2)
  A bullfrog (D:2)
  A bullfrog zombie (D:2)
  An orc wizard (D:3)
  2 adders (D:3)
  4 gnolls (D:3)
  2 oozes
  A worm (D:2)
  3 dart slugs
  2 orcs (D:3)
  A giant cockroach (D:2)
  7 goblins
  7 hobgoblins
  A quokka (D:3)
  6 bats
  3 frilled lizards
  8 kobolds
  9 rats
60 creatures vanquished.

Notes
Turn   | Place    | Note
-------+----------+-------------------------------------------
     0 | D:1      | Forgol the Merfolk Gladiator began the quest for the Orb.
     0 | D:1      | Reached XP level 1. HP: 16/16 MP: 1/1
    59 | D:1      | Reached XP level 2. HP: 23/23 MP: 2/2
   139 | D:1      | Reached skill level 5 in Polearms
   380 | D:1      | Reached XP level 3. HP: 28/28 MP: 3/3
   755 | D:2      | Found an ornate altar of the Wu Jian Council.
   881 | D:2      | Became a worshipper of the Wu Jian Council
   939 | D:2      | Noticed an ogre
   949 | D:2      | Killed an ogre
   949 | D:2      | Reached skill level 6 in Polearms
   949 | D:2      | Reached skill level 5 in Dodging
   949 | D:2      | Reached XP level 4. HP: 35/35 MP: 4/4
   949 | D:2      | Reached XP level 5. HP: 41/41 MP: 5/5
   995 | D:2      | Found a glowing golden altar of the Shining One.
  1454 | D:2      | Found a blossoming altar of Fedhas.
  1584 | D:2      | Reached skill level 7 in Polearms
  1584 | D:2      | Reached skill level 1 in Stealth
  1584 | D:2      | Reached XP level 6. HP: 46/48 MP: 6/6
  1620 | D:2      | Found a shattered altar of Ashenzari.
  2135 | D:3      | Killed from afar by an orc priest

Skill      XL: |  1  2  3  4  5 |
---------------+----------------+-----
Polearms       | 5 6 7 |  7.7
Fighting       | 3 |  3.9
Dodging        | 5 |  5.7
Stealth        | 1 |  1.9
Throwing       | |  2.0

Action                   |  1- 3 |  4- 6 || total
-------------------------+-------+-------++-------
Melee: Trident           |    99 |   106 ||   205
Invok: Lunge             |       |     3 ||     3
  Use: Scroll            |       |     9 ||     9
 Stab: Sleeping          |     2 |     4 ||     6
  Eat: Chunk             |       |     4 ||     4
Armor: Leather armour    |    16 |    10 ||    26
Dodge: Dodged            |    43 |    51 ||    94
